grum, neutral male gnomish Archeologist -------- |......| |......| --------------------------------- |.....<| |.-..|..|..-....-..|..|..|..-...| |......| |.|..|..|..|....|..|(*|..|..|...| ----.-.- |.----|-----....----|--|-----...| #### ### |...............................| ### |..-|-----|--......--|----|--...| # |..|..| |..|.....{|.)..|%..|...| ##### ## |..|..| |..|......|....|.%%|...| -----|----- # |..----+-----......|.._.|!.%|....############## |..........##########..............{....|....|%%%|...| |.........| #|.------+--------..|----------.I| |..........####### #|.-..[[| |(((.|..+ |((..-..| |.........| #|.|.!*!| |(((.-..| |(...|..| |.........| #|.|.?!*| |(((.|..| |(((.|..| ----------- #|.------ ------..- ------..| #|. ... ..| #--- ----- ---- grum the Investigator Experience level: 6 Strength: 12 Dexterity: 11 Constitution: 12 Intelligence: 13 Wisdom: 18 Charisma: 7 Health: 0(40) Energy: 30(30) Def: 2 Gold: 323 Moves: 3142 Dungeon seed: mm2GSWn5DvDxnBU8 Game ID: grum_1540256433 Your Inventory: Coins $ - 323 gold pieces Weapons a - a blessed +2 bullwhip (weapon in hand) i - an uncursed +2 aklys u - 9 cursed -5 darts D - the cursed -2 Sting J - a blessed +6 orcish dagger named Dagger of Justice (in quiver) U - an uncursed +0 elven dagger Armor e - a blessed +0 leather jacket (being worn) n - an uncursed +0 pair of leather gloves (being worn) Comestibles b - 2 uncursed food rations s - 2 uncursed tripe rations T - an uncursed tin of red mold Scrolls c - an uncursed scroll of consecration k - 2 uncursed scrolls of scare monster p - a cursed scroll of enchant armor w - a cursed scroll of gold detection z - a cursed scroll of remove curse A - a cursed scroll of stinking cloud O - 2 blessed scrolls of blank paper R - an uncursed scroll of enchant armor W - a blessed scroll of confuse monster Potions K - an uncursed potion of object detection S - an uncursed potion of acid Rings m - a cursed ring of aggravate monster o - an uncursed ring of levitation t - an uncursed ring of regeneration v - an uncursed ring of fire resistance Wands d - an uncursed wand of light (0:12) j - an uncursed wand of enlightenment (0:14) C - a cursed wand of lightning (0:3) Tools f - an uncursed sack g - an uncursed tin opener h - an uncursed oil lamp (0:1121) l - an uncursed stethoscope x - an uncursed tinning kit (0:40) G - an uncursed lock pick L - an uncursed mirror P - an uncursed brass lantern (0:1023) Q - a cursed oil lamp (0:1286) V - an uncursed blindfold X - an uncursed wooden flute Gems q - an uncursed touchstone y - 3 uncursed obsidians I - an uncursed opal N - an uncursed aquamarine Y - 3 uncursed fluorites Contents of the sack: a [blessed] scroll of identify 2 [uncursed] scrolls of identify an uncursed +0 pick-axe Spells and supernatural/magical abilities: Name Level Category Fail Memory W - pray for help -- divine ? -- Your skills at the end: Miscellaneous Skills wands [Basic] stealth [Expert] Weapon Skills pick-axe [Basic] crossbow [Basic] whip [Basic] Spellcasting Skills Final Attributes: You were devoutly aligned. You were blinded. Your writing hand was ok. You had infravision. You were stealthy. You were fast. You were lucky. You are dead. Vanquished creatures: a ghost a wood nymph a rock piercer a fog cloud a shrieker a paper golem 4 giant ants a puppy 6 hill orcs a giant bat an orc zombie a dwarf zombie a hobbit a large kobold 3 geckos 2 hobgoblins 7 giant rats a yellow mold 3 red molds 3 manes a gnome zombie a kobold 5 newts a goblin a sewer rat 6 grid bugs 2 lichens a kobold zombie 59 creatures vanquished. Voluntary challenges: You were vegetarian. You had followed a strict vegan diet until turn 2213. You did not adorn yourself with jewelry or accessories. You did not cause conflict. You were not invisible. You did not have reflection. You were not displaced. You had been an atheist until turn 2489. You used a wielded weapon 132 times, starting on turn 33. You did not apply a unicorn horn. You did not use plumbed fixtures. You read items or engraved 4 times, starting on turn 2213. You never genocided any monsters. You never polymorphed an object. You never changed form. You used no wishes. You never split a pudding. You wrote Elbereth's name 1 time, starting on turn 2922. You never violated your personal moral code. Dungeon overview: The Dungeons of Doom: levels 1 to 4 Level 1 a fountain a long staircase Level 2 a general store Level 3 Level 4 stairs to The Gnomish Mines The Gnomish Mines: levels 5 to 7 Level 5 stairs to The Dungeons of Doom Level 6 Level 7 <- You were here many shops, a temple to Quetzalcoatl, a magic chest, some fountains History has recorded: On T:1 you entered the Dungeons of Doom to retrieve the Amulet of Yendor! On T:32 you reached level 2 of The Dungeons of Doom. On T:166 you reached level 3 of The Dungeons of Doom. On T:502 you advanced to experience level 2. On T:538 you reached level 4 of The Dungeons of Doom. On T:574 you advanced to experience level 3. On T:749 you reached level 1 of The Gnomish Mines. On T:806 you reached level 2 of The Gnomish Mines. On T:943 you advanced to experience level 4. On T:2159 you advanced to experience level 5. On T:2302 you reached level 3 of The Gnomish Mines. On T:2464 you opened a magic chest. On T:2475 you entered the Minetown temple On T:2489 you prayed to Camaxtli. On T:2930 you advanced to experience level 6. Score breakdown: Gold: 323 ( 32 points) Experience: 6 levels ( 500 points) Exploration: 7 levels ( 180 points) Discoveries: 39 items ( 1950 points) Variety of kills: 28 monsters ( 1400 points) Major goal: reached Minetown ( 500 points) Survival: died (score multiplied by 3) Total score: 13686 Latest messages: You see a puff of smoke. You see a puff of smoke. In a cloud of smoke, a djinni emerges! The djinni speaks. "You disturbed me, fool!" The djinni hurls a fizzy potion! The jar crashes on your head and breaks into shards. It suddenly gets dark. Wait! There's something there you can't see! You begin bashing monsters with your oil lamp. You bash something. Something punches you! You are now wielding your bullwhip. Something punches you! You whip something. Something punches you! You die... Final status: Goodbye grum the Archeologist, killed by a djinni... You died in The Gnomish Mines on dungeon level 7 with 13686 points, and 323 pieces of gold, after 3142 moves. You were level 6 with a maximum of 40 hit points when you died.